 Dungeon Crawl Stone Soup version 0.20.1-1-g8b1a95d (webtiles) character file.

134 Sayu92 the Skirmisher (level 4, -4/41 HPs)
             Began as a Minotaur Abyssal Knight on Dec 9, 2017.
             Was a Believer of Lugonu.
             Slain by a gnoll
             ... wielding a +0 club
              (8 damage)
             ... on level 3 of the Dungeon.
             The game lasted 00:15:38 (2080 turns).

Sayu92 the Skirmisher (Minotaur Abyssal Knight)     Turns: 2080, Time: 00:15:41

Health: -4/41      AC:  4    Str: 17 (18) XL:     4   Next: 95%
Magic:  5/5        EV: 11    Int:  6 (9)  God:    Lugonu [**....]
Gold:   110        SH:  0    Dex:  8 (9)  Spells: 3/3 levels left

rFire    . . .     SeeInvis .   a - +1 hand axe
rCold    . . .     Gourm    .   (no shield)
rNeg     . . .     Faith    .   b - +1 leather armour
rPois    .         Spirit   .   (helmet restricted)
rElec    .         Reflect  .   (no cloak)
rCorr    .         Harm     .   (no gloves)
MR       .....                  (no boots)
Stlth    +.........             (no amulet)
Regen    0.2/turn               (no ring)
MPRegen  0.1/turn               (no ring)

@: no status effects
A: retaliatory headbutt, horns 2
a: Depart the Abyss, Bend Space, Renounce Religion


You were on level 3 of the Dungeon.
You worshipped Lugonu.
Lugonu was pleased with you.
You were hungry.

You visited 1 branch of the dungeon, and saw 3 of its levels.
You visited the Abyss 1 time.

You collected 110 gold pieces.

Inventory:

Hand Weapons
 a - a +1 hand axe (weapon)
Armour
 b - a +1 leather armour (worn)
Jewellery
 i - an uncursed ring of flight {unknown}
 n - a cursed ring of loudness {unknown}
 o - an uncursed amulet of rage {unknown}
Scrolls
 d - 2 scrolls of remove curse
Books
 p - a book of Party Tricks

   Spells                             Type                      Level
   a - Summon Butterflies             Summoning                    1
   b - Apportation                    Translocation                1
   c - Lesser Beckoning               Translocation                3
   d - Tukima's Dance                 Hexes                        3
   e - Alistair's Intoxication        Transmutation/Poison         5
   f - Invisibility                   Hexes                        6
Comestibles
 c - 2 bread rations
 h - 4 fruits
 l - a royal jelly


   Skills:
 + Level 4.7 Fighting
 * Level 4.6 Axes
 - Level 2.4 Armour
 - Level 1.1 Dodging
 + Level 2.9 Invocations


You had 3 spell levels left.
You didn't know any spells.

Dungeon Overview and Level Annotations

Branches:
Dungeon (3/15)

Altars:


Innate Abilities, Weirdness & Mutations

You reflexively headbutt those who attack you in melee.
You have a pair of horns on your head.


Message History

You hit the gnoll.
The gnoll is moderately wounded.
You hit the gnoll.
The gnoll hits you from afar with a halberd!
The gnoll barely misses you. The gnoll closely misses you.
You are too injured to fight recklessly!
You are too injured to fight recklessly!
You closely miss the gnoll.
The gnoll is moderately wounded.
You barely miss the gnoll. The gnoll barely misses you.
The gnoll closely misses you. The gnoll hits you with a club.
* * * LOW HITPOINT WARNING * * *
You slash the gnoll!
You kill the gnoll!
Lugonu accepts your kill.
You closely miss the gnoll.
The gnoll hits you from afar with a halberd!
* * * LOW HITPOINT WARNING * * *
The gnoll hits you with a club!
You die...

#..#... #......
##...#.##......
.......<<.###
##.#........##
#.........##
#.$........##
#...........#
##.........#.#
#....@.....# #
....#.g).....#
..###.g(.....#
. #........#
#........#
#........#
##.####### #.


You could see 2 gnolls.

Vanquished Creatures
  Robin (D:2)
  5 gnolls
  An adder (D:2)
  A dart slug (D:1)
  A leopard gecko (D:2)
  6 giant cockroaches
  19 goblins
  6 hobgoblins
  2 jackals (D:2)
  7 bats
  3 frilled lizards (D:1)
  4 kobolds
  6 rats
62 creatures vanquished.

Notes
Turn   | Place    | Note
-------+----------+-------------------------------------------
     0 | Abyss:1  | Sayu92 the Minotaur Abyssal Knight began the quest for the Orb.
     0 | Abyss:1  | Reached XP level 1. HP: 19/19 MP: 1/1
    89 | Abyss:1  | Noticed a shock serpent skeleton
   101 | Abyss:1  | Noticed an ancient zyme
   102 | D:1      | Escaped the Abyss
   307 | D:1      | Reached * piety under Lugonu
   308 | D:1      | Reached XP level 2. HP: 23/27 MP: 2/2
   678 | D:1      | Reached XP level 3. HP: 33/33 MP: 3/3
   988 | D:2      | Reached ** piety under Lugonu
  1309 | D:2      | Noticed Robin
  1342 | D:2      | Killed Robin
  1342 | D:2      | Reached XP level 4. HP: 29/41 MP: 4/4
  2080 | D:3      | Slain by a gnoll

Skill      XL: |  1  2  3 |
---------------+----------+-----
Invocations    | 2 |  2.9
Axes           | 3 4 |  4.6
Fighting       | 4 |  4.7
Armour         | |  2.4
Dodging        | |  1.1

Action                   |  1- 3 |  4- 6 || total
-------------------------+-------+-------++-------
Melee: Hand axe          |    87 |    28 ||   115
       Headbutt          |     7 |     7 ||    14
Invok: Depart the Abyss  |     1 |       ||     1
  Use: Scroll            |       |     3 ||     3
       Potion            |       |     3 ||     3
  Eat: Chunk             |     1 |     2 ||     3
Armor: Leather armour    |    26 |     6 ||    32
Dodge: Dodged            |    66 |    22 ||    88
